Zazza, neutral female human Tourist ----- #-...| ###|...| # |.<.| ### |...| # -|--- # # # ## ------# |....|### |....|# |....|a |....-@ |....| ------ Zazza the Sightseer Experience level: 3 Strength: 11 Dexterity: 10 Constitution: 13 Intelligence: 14 Wisdom: 11 Charisma: 18 Health: 0(29) Energy: 10(10) Def: 1 Gold: 525 Moves: 1988 Dungeon seed: gH7VPlAIXlHLzfAA Game ID: Zazza_1619112835 Your Inventory: Coins $ - 525 gold pieces Amulets L - an uncursed amulet of magical breathing (being worn) Weapons a - 34 +2 darts (in quiver) n - a blessed +1 orcish dagger N - a +0 elven dagger (weapon in hand) Armor e - an uncursed +0 Hawaiian shirt (being worn) y - an uncursed +0 alchemy smock (being worn) Comestibles b - 5 uncursed food rations c - 2 uncursed tripe rations f - an uncursed carrot Potions h - 2 uncursed potions of extra healing r - an uncursed potion of booze s - a blessed potion of restore ability A - a blessed potion of extra healing Wands O - a cursed wand of create monster (0:12) Tools k - an expensive camera (0:31) l - an uncursed credit card p - a cursed tallow candle (0:200) t - an uncursed lock pick K - an uncursed blindfold Gems q - an uncursed worthless piece of white glass z - an uncursed worthless piece of yellowish brown glass Spells and supernatural/magical abilities: Name Level Category Fail Memory W - pray for help -- divine ? -- Your skills at the end: Fighting Skills Weapon Skills dart [Basic] Spellcasting Skills Final Attributes: You were devoutly aligned. You were poison resistant. You were acid resistant. You saw invisible. You could survive without air. You are dead. Vanquished creatures: 2 floating eyes a giant bat a hobbit a large kobold 3 giant rats a yellow mold a green mold a gnome zombie a gecko 2 jackals a fox a kobold a goblin 5 sewer rats a grid bug 5 lichens 2 kobold zombies 6 newts 36 creatures vanquished. Voluntary challenges: You were an atheist. You used a wielded weapon 13 times, starting on turn 281. You read items or engraved 9 times, starting on turn 38. You never genocided any monsters. You never polymorphed an object. You never changed form. You used no wishes. You never split a pudding. You never wrote Elbereth's name. You never violated your personal moral code. Dungeon overview: The Dungeons of Doom: levels 1 to 6 Level 1 a fountain a long staircase Level 2 a potion shop stairs to The Gnomish Mines Level 3 Level 4 Level 5 Level 6 <- You were here The Gnomish Mines: Level 3 stairs to The Dungeons of Doom History has recorded: On T:1 you entered the Dungeons of Doom to retrieve the Amulet of Yendor! On T:292 you reached level 2 of The Dungeons of Doom. On T:805 you reached level 1 of The Gnomish Mines. On T:870 you reached level 3 of The Dungeons of Doom. On T:1191 you reached level 4 of The Dungeons of Doom. On T:1692 you advanced to experience level 2. On T:1779 you reached level 5 of The Dungeons of Doom. On T:1897 you reached level 6 of The Dungeons of Doom. On T:1900 you advanced to experience level 3. Score breakdown: Gold: 449 ( 9025 points) Experience: 3 levels ( 7878 points) Exploration: 6 levels ( 11.32%) ( 9302 points) Discoveries: 4 items ( 1.34%) ( 3475 points) Valuables value: (no points given unless you survive) Artifact value: 0 ( 0 points) Variety of kills: 18 monsters ( 4.72%) ( 6520 points) Turncount: 1988 turns ( 0 points) Survival: died (score multiplied by 80%) Total score: 28960 Latest messages: You are beginning to feel hungry. This lichen corpse tastes terrible! You finish eating the lichen corpse. That satiated your stomach! You finish eating the food ration. You hit the giant ant. The giant ant bites! You miss the giant ant. The giant ant bites! (2x) You miss the giant ant. The giant ant bites! You hit the giant ant. The giant ant bites! (2x) You hit the giant ant. The giant ant bites! You miss the giant ant. The giant ant bites! (2x) You miss the giant ant. The giant ant bites! You miss the giant ant. The giant ant bites! (2x) You die... Final status: Aloha Zazza the Tourist, killed by a giant ant... You died in The Dungeons of Doom on dungeon level 6 with 28960 points, and 525 pieces of gold, after 1988 moves. You were level 3 with a maximum of 29 hit points when you died.